 Dungeon Crawl Stone Soup version 0.28-a0-1624-g820543e53a (webtiles) character file.

Game seed: 3974857628994509691

578 HallandMoats the Skirmisher (level 7, -5/61 HPs)
             Began as a Ghoul Fighter on Jan 24, 2022.
             Was an Initiate of Okawaru.
             Slain by an iguana (10 damage)
             ... on level 5 of the Dungeon.
             The game lasted 00:04:26 (3841 turns).

HallandMoats the Skirmisher (Ghoul Fighter)         Turns: 3841, Time: 00:04:27

Health: -5/61      AC:  6    Str: 20    XL:     7   Next: 36%
Magic:  7/7        EV: 14    Int:  3    God:    Okawaru [......]
Gold:   227        SH:  0    Dex: 10    Spells: 6/6 levels left

rFire   . . .      SeeInvis .   d - +2 scythe (venom)
rCold   + . .      Faith    .   (shield currently unavailable)
rNeg    + + +      Spirit   .   b - +0 scale mail
rPois   ∞          Reflect  .   (no helmet)
rElec   .          Harm     .   (no cloak)
rCorr   .          Rampage  .   (no gloves)
Will    .....                   (no boots)
Stlth   ..........              (no amulet)
HPRegen 0.00/turn               h - +4 ring of evasion
MPRegen 0.10/turn               (no ring)

@: inhibited regen
A: claws 1, cold resistance 1, negative energy resistance 3, inhibited
regeneration, torment resistance 2
a: Renounce Religion


You were on level 5 of the Dungeon.
You worshipped Okawaru.
Okawaru was noncommittal.
You visited 1 branch of the dungeon, and saw 5 of its levels.

You collected 227 gold pieces.

Inventory:

Hand Weapons
 a - a +0 spear
 d - a +2 scythe of venom (weapon)
Armour
 b - a +0 scale mail (worn)
 c - a +0 buckler
 m - the +2 buckler of Agnosticism {Rampage Fly Int+5 Dex+2}
   (You found it on level 3 of the Dungeon)

   Int:       It affects your intelligence (+5).
   Dex:       It affects your dexterity (+2).
   Fly:       It grants you flight.
   Rampage:   It bestows one free step when moving towards enemies.
 u - a +0 cloak
Jewellery
 h - a +4 ring of evasion (left claw)
 j - a ring of fire
Scrolls
 e - a scroll of vulnerability {unknown}
 f - a scroll of brand weapon {unknown}
 g - a scroll of immolation {unknown}
 i - 2 scrolls of noise {unknown}
 k - 2 scrolls of teleportation {unknown}
 n - a scroll of fog {unknown}
 o - a scroll of fear {unknown}
 p - a scroll of blinking {unknown}
 s - a scroll of identify {unknown}
 t - a scroll of magic mapping {unknown}
Potions
 l - a potion of haste {unknown}
 q - a potion of curing {unknown}
 r - a potion of cancellation {unknown}


   Skills:
 * Level 5.3 Fighting
 * Level 3.9 Polearms
 + Level 3.6 Armour
 + Level 2.2 Dodging
 + Level 3.6 Shields
 * Level 2.1 Invocations


You had 6 spell levels left.
You didn't know any spells.
Your spell library contained the following spells:

 Spells                   Type           Power      Damage    Failure   Level
 Corpse Rot               Necr/Air       0%         N/A       95%         2
 Conjure Flame            Conj/Fire      0%         6-21      99%         3
 Gell's Gravitas          Tloc           0%         N/A       99%         3
 Ignite Poison            Fire/Tmut/Pois 0%         N/A       99%         3
 Teleport Other           Tloc           0%         N/A       99%         3
 Dispel Undead            Necr           0%         3d6       100%        4
 Sticky Flame             Conj/Fire      0%         2d3       100%        4
 Dispersal                Tloc           0%         N/A       100%        6
 Death Channel            Necr           Unusable   N/A       N/A         6

Dungeon Overview and Level Annotations

Branches:
Dungeon (5/15)
 Temple: D:4-7

Altars:
Kikubaaqudgha
Okawaru


Innate Abilities, Weirdness & Mutations

You thrive by killing the living.
You are immune to poison.
You have sharp fingernails.
Your flesh is cold resistant. (rC+)
You are immune to negative energy. (rN+++)
You do not regenerate when monsters are visible.
You are immune to unholy pain and torment.


Message History

You are splashed with acid.
* * * LOW HITPOINT WARNING * * *
The ufetubus barely misses you. The ufetubus completely misses you.
The jelly looks more healthy.
The ufetubus hits you.
* * * LOW HITPOINT WARNING * * *
The ufetubus hits you.
* * * LOW HITPOINT WARNING * * *
You hit the jelly.
You kill the jelly!
Okawaru accepts your kill. The ufetubus closely misses you.
The ufetubus barely misses you. The ufetubus closely misses you.
The ufetubus hits you.
* * * LOW HITPOINT WARNING * * *
You closely miss the ufetubus. The ufetubus barely misses you. x2
The ufetubus hits you but does no damage.
The ufetubus hits you.
* * * LOW HITPOINT WARNING * * *
The ufetubus barely misses you. x2
An iguana comes into view.
You barely miss the ufetubus. The ufetubus closely misses you. x2
The ufetubus hits you.
* * * LOW HITPOINT WARNING * * *
The ufetubus completely misses you. The ufetubus barely misses you.
The ufetubus hits you but does no damage.
You hit the ufetubus but do no damage.
The ufetubus is poisoned.
The ufetubus closely misses you. The ufetubus hits you.
* * * LOW HITPOINT WARNING * * *
The ufetubus closely misses you. x2
You slice the ufetubus!!
You kill the ufetubus!
Okawaru accepts your kill.
You are no longer corroded.
The iguana closely misses you.
You closely miss the iguana. The iguana closely misses you.
The iguana bites you but does no damage.
You slash the iguana!
The iguana is poisoned.
The iguana is heavily wounded.
The iguana barely misses you. The iguana bites you!
You die...

.......†.....#
.#..........+
#..........#
#..........#
#..........#
#..........#
#..........#
............#
.........l@..#
..........(..#
...###########
..


You could see an iguana (very poisoned).

Vanquished Creatures
  Sigmund (D:2)
  A black bear (D:4)
  A scorpion (D:4)
  2 howler monkeys
  2 jellies
  A centaur skeleton (D:4)
  3 adders (D:2)
  An ufetubus (D:5)
  3 worms
  2 orcs
  5 bats
  10 endoplasms
  3 giant cockroaches
  7 goblins
  10 hobgoblins
  5 quokkas
  8 ball pythons
  5 frilled lizards
  6 kobolds
  4 rats
  A bush (D:4)
81 creatures vanquished.

Vanquished Creatures (others)
  A giant cockroach (D:1)
  A ball python (D:1)
  A plant (D:4)
  4 toadstools (D:1)
7 creatures vanquished.

Grand Total: 88 creatures vanquished

Notes
Turn   | Place    | Note
-------+----------+-------------------------------------------
     0 | D:1      | HallandMoats the Ghoul Fighter began the quest for the Orb.
     0 | D:1      | Reached XP level 1. HP: 19/19 MP: 0/0
    54 | D:1      | Reached XP level 2. HP: 21/26 MP: 1/1
   539 | D:1      | Reached XP level 3. HP: 28/33 MP: 2/2
  1133 | D:2      | Reached skill level 1 in Dodging
  1190 | D:2      | Reached XP level 4. HP: 40/40 MP: 3/3
  1235 | D:2      | Reached skill level 4 in Fighting
  1734 | D:2      | Noticed Sigmund
  1755 | D:2      | Killed Sigmund
  1756 | D:2      | Reached XP level 5. HP: 22/47 MP: 4/4
  1756 | D:2      | Reached XP level 6. HP: 25/53 MP: 5/5
  2101 | D:3      | Found an ancient bone altar of Kikubaaqudgha.
  2562 | D:3      | Identified the +2 buckler of Agnosticism {Rampage Fly Int+5
                  | Dex+2}
  2699 | D:4      | Found an iron altar of Okawaru.
  2717 | D:4      | Became a worshipper of Warmaster Okawaru
  2917 | D:4      | Reached skill level 1 in Invocations
  3294 | D:4      | Reached skill level 5 in Fighting
  3515 | D:4      | Noticed a black bear
  3522 | D:4      | Killed a black bear
  3523 | D:4      | Reached XP level 7. HP: 56/61 MP: 5/7
  3788 | D:5      | Entered Level 5 of the Dungeon
  3841 | D:5      | Slain by an iguana

Illustrated notes

Levels and vault maps discovered:
D:1:      ldierk_water_garden, layout_rooms, dk_noncrumbling_2,
          lemuel_flame_loot_1
D:2:      layout_loops_corners, uniq_sigmund
D:3:      layout_loops_cross, mainiacjoe_overflow_small_starburst,
          kennysheep_generic_room_16
D:4:      layout_basic, mainiacjoe_overflow_alcove_1, serial_forest,
          infiniplex_forest_lined_room_, infiniplex_forest_join,
          infiniplex_forest_pool, infiniplex_forest_pool,
          infiniplex_forest_clump_medium, infiniplex_forest_end_3,
          infiniplex_forest_clump_diagonal, infiniplex_forest_end_1
D:5:      layout_basic, nicolae_sif_muna_condensation, tso_oasis_becter,
          temple_pool_b, serial_park_tiny_2

Skill      XL: |  1  2  3  4  5  6  7 |
---------------+----------------------+-----
Polearms       | 2 3 |  3.9
Dodging        | 1 2 |  2.2
Fighting       | 4 5 |  5.3
Armour         | 3 |  3.6
Shields        | 3 |  3.6
Invocations    | 1 2 |  2.1

Action                   |  1- 3 |  4- 6 |  7- 9 || total
-------------------------+-------+-------+-------++-------
Melee: Trident           |    80 |       |       ||    80
       Spear             |    30 |    66 |       ||    96
       Scythe            |       |   100 |    18 ||   118
  Use: Potion            |       |     1 |       ||     1
Armor: Scale mail        |    45 |    46 |    12 ||   103
Dodge: Dodged            |    45 |   123 |    41 ||   209
Block: Buckler           |    12 |    10 |       ||    22

Table legend: (Time is in decaauts)
 A = Elapsed time spent in this place.
 B = Non-inter-level travel time spent in this place.
 C = Inter-level travel time spent in this place.
 D = Time resting spent in this place.
 E = Time spent auto-exploring this place.
 F = Levels seen in this place.
 G = Mean time per level.
                   A        B        C        D        E       F      G
               +--------+--------+--------+--------+--------+-----+--------+
         Total |   3961 |   3877 |     84 |      0 |   3181 |   5 |  792.2 |
       Dungeon |   3961 |   3877 |     84 |      0 |   3181 |   5 |  792.2 |
               +--------+--------+--------+--------+--------+-----+--------+

Top non-repeatable levels by time:
     D:4: 1209 daAuts
     D:2: 1148 daAuts
     D:1: 888 daAuts
     D:3: 650 daAuts
     D:5: 63 daAuts
